 Dungeon Crawl Stone Soup version 0.25.1-2-g60ff931df9 (webtiles) character file.

Game seed: 17715306483403864202

451 Turner1 the Shield-Bearer (level 7, -5/54 HPs)
             Began as a Formicid Fighter on Nov 22, 2020.
             Was a Follower of Dithmenos.
             Slain by a moth of wrath (20 damage)
             ... on level 4 of the Dungeon.
             The game lasted 00:12:47 (4403 turns).

Turner1 the Shield-Bearer (Formicid Fighter)        Turns: 4403, Time: 00:12:48

Health: -5/54      AC:  7    Str: 23    XL:     7   Next: 25%
Magic:  7/7        EV:  9    Int: 13    God:    Dithmenos [*.....]
Gold:   147        SH: 10    Dex: 10    Spells: 6/6 levels left

rFire    . . .     SeeInvis +   r - +3 dagger
rCold    . . .     Gourm    .   c - +0 kite shield
rNeg     . . .     Faith    .   b - +0 scale mail
rPois    .         Spirit   .   (helmet unavailable)
rElec    .         Reflect  .   (no cloak)
rCorr    .         Harm     .   (no gloves)
MR       .....                  (no boots)
Stlth    +.........             (no amulet)
HPRegen  0.18/turn              j - +6 ring of intelligence
MPRegen  0.10/turn              (no ring)

@: wreathed by umbra
A: permanent stasis, dig shafts and tunnels, four strong arms, antennae 3
a: Dig, Shaft Self, Renounce Religion


You were on level 4 of the Dungeon.
You worshipped Dithmenos.
Dithmenos was aware of your devotion.
You were not hungry.

You visited 1 branch of the dungeon, and saw 4 of its levels.

You collected 147 gold pieces.

Inventory:

Hand Weapons
 a - a +0 long sword
 r - a +3 dagger (weapon)
Armour
 b - a +0 scale mail (worn)
 c - a +0 kite shield (worn)
Jewellery
 j - a +6 ring of intelligence (left hand)
 o - an uncursed ring of poison resistance {unknown}
Scrolls
 e - 6 scrolls of identify {unknown}
 g - a scroll of random uselessness {unknown}
 h - 3 scrolls of remove curse {unknown}
 k - 4 scrolls of teleportation {unknown}
 q - a scroll of fear {unknown}
 s - a scroll of enchant armour {unknown}
Potions
 d - 2 potions of might
 i - a potion of curing
 l - 4 potions of brilliance {unknown}
 m - a potion of flight {unknown}
 n - a potion of cancellation {unknown}
 t - a potion of magic {unknown}
Comestibles
 f - 11 rations
 p - a chunk of flesh


   Skills:
 + Level 4.2 Fighting
 - Level 3.7 Long Blades
 + Level 4.9 Armour
 + Level 1.0 Dodging
 * Level 4.0 Stealth
 + Level 5.0 Shields
 * Level 0.3 Invocations


You had 6 spell levels left.
You didn't know any spells.
Your spell library was empty.

Dungeon Overview and Level Annotations

Branches:
Dungeon (4/15)             Temple (0/1) D:4

Altars:
Ashenzari
Dithmenos
Makhleb
Trog

Annotations:
D:2 Sigmund


Innate Abilities, Weirdness & Mutations

You cannot be hasted, slowed, berserked, paralysed or teleported.
You can dig through walls and to a lower floor.
Your four strong arms can wield two-handed weapons with a shield.
You have a pair of large antennae on your head. (SInv)


Message History

Dithmenos accepts your kill. The rat barely misses you.
The moth of wrath goads the rat on!
The rat goes berserk!
You hit the rat.
The rat is heavily wounded.
The rat closely misses you. The rat bites you but does no damage.
You hit the rat.
You kill the rat!
Dithmenos accepts your kill.
You see here a rat corpse.
You see here a rat corpse.
You extend your mandibles.
You dig through the iron grate.
You dig through the iron grate.
You block the moth of wrath's attack.
You retract your mandibles.
You closely miss the moth of wrath. The moth of wrath bites you!!
* * * LOW HITPOINT WARNING * * *
The moth of wrath bites you but does no damage.
The moth of wrath bites you!!
You die...

..................(##...#..#.....
#................#######..###.#..
# #.............##....#####...###
# ...>.......##.......##...## # #
...........#.......).##.#####
..............##....#...)##...#..
.......##.....##...###..).#......
...............††..#.#._..##.##..
.............##@y.#.#....##.....
..............##.....†..)##...#..
...........###.#.....†...##..##..
.. .....## .##.......##..÷.#.. ..
..... ..##....###....#### .# ....
...#######.....#... ## .... ....
#....##>...# # ... #######....#
#.....#


You could see a moth of wrath.

Vanquished Creatures
  A scorpion (D:4)
  A hound (D:3)
  A gnoll shaman (D:3)
  2 orc wizards
  An orc priest (D:4)
  2 worker ants
  A hound skeleton (D:4)
  4 adders
  4 gnolls
  A worm (D:4)
  4 dart slugs
  2 leopard geckos
  9 orcs
  9 bats
  15 giant cockroaches
  7 goblins
  11 hobgoblins
  8 jackals
  A ball python (D:4)
  4 frilled lizards
  8 kobolds
  7 rats
103 creatures vanquished.

Notes
Turn   | Place    | Note
-------+----------+-------------------------------------------
     0 | D:1      | Turner1 the Formicid Fighter began the quest for the Orb.
     0 | D:1      | Reached XP level 1. HP: 18/18 MP: 1/1
   112 | D:1      | Reached XP level 2. HP: 21/24 MP: 2/2
   136 | D:1      | Reached skill level 1 in Stealth
   497 | D:1      | Reached XP level 3. HP: 28/29 MP: 3/3
   525 | D:1      | Reached skill level 4 in Shields
  1117 | D:2      | Reached XP level 4. HP: 33/36 MP: 4/4
  1170 | D:2      | Noticed Sigmund
  1579 | D:2      | Found a shadowy altar of Dithmenos.
  1607 | D:2      | Became a worshipper of Dithmenos the Shadowed
  1694 | D:3      | Found a shattered altar of Ashenzari.
  2135 | D:3      | Reached XP level 5. HP: 7/42 MP: 5/5
  2645 | D:3      | Found a burning altar of Makhleb.
  2667 | D:3      | Reached * piety under Dithmenos
  2958 | D:4      | Reached XP level 6. HP: 37/48 MP: 6/6
  2985 | D:4      | Found a staircase to the Ecumenical Temple.
  3087 | D:4      | HP: 2/48 [gnoll/+0 club (6)]
  3800 | D:3      | Reached skill level 1 in Dodging
  3800 | D:3      | Reached XP level 7. HP: 13/54 MP: 7/7
  4229 | D:4      | Reached skill level 5 in Shields
  4353 | D:4      | Noticed a moth of wrath
  4356 | D:4      | Found a bloodstained altar of Trog.
  4403 | D:4      | Slain by a moth of wrath

Illustrated notes

Levels and vault maps discovered:
D:1:      dpeg_arrival_stone_temple_mockup, layout_loops_ring
D:2:      minmay_roachtagon, layout_rooms, nicolae_dithmenos_shadow_blocks,
          uniq_sigmund
D:3:      layout_basic, ashenzari_altar_1, makhleb_blood_cavern_becter
D:4:      layout_cave_pools, tgw_trog, minmay_temple_entry_large_hall

Skill      XL: |  1  2  3  4  5  6  7 |
---------------+----------------------+-----
Stealth        | 1 2 3 4 |  4.0
Shields        | 4 5 |  5.0
Armour         | 4 |  4.9
Long Blades    | 3 |  3.7
Fighting       | 4 |  4.2
Dodging        | 1 |  1.0
Invocations    | |  0.3

Action                   |  1- 3 |  4- 6 |  7- 9 || total
-------------------------+-------+-------+-------++-------
Melee: Long sword        |   117 |   273 |    15 ||   405
       Dagger            |       |       |    40 ||    40
 Abil: Dig               |       |       |     1 ||     1
  Use: Potion            |       |     4 |       ||     4
  Eat: Chunk             |     1 |     9 |     2 ||    12
Armor: Scale mail        |    74 |   147 |    11 ||   232
Dodge: Dodged            |    83 |   147 |    26 ||   256
Block: Kite shield       |    83 |   218 |    18 ||   319
       Rpst.: Long sword |    27 |    37 |     5 ||    69
